 Dungeon Crawl Stone Soup version 0.30-a0-170-g85af917532 (webtiles) character file.

Game seed: 18011189380171565096

245 qw the Chopper (level 6, -2/39 HPs)
             Began as a Gargoyle Fighter on Sept 30, 2022.
             Slain by a gnoll
             ... wielding a +0 spear
             ... led by a gnoll bouda
              (6 damage)
             ... on level 4 of the Dungeon.
             The game lasted 00:00:59 (3878 turns).

qw the Chopper (Gargoyle Fighter)                   Turns: 3878, Time: 00:01:00

Health: -2/39      AC: 11    Str: 19 (22) XL:     6   Next: 10%
Magic:  6/6        EV:  9    Int:  6 (8)  God:
Gold:   201        SH:  4    Dex:  6 (9)  Spells: 5/5 levels left

rFire   . . .      SeeInvis .    Y - +0 war axe
rCold   . . .      Faith    .    c - +0 buckler
rNeg    + . .      Spirit   .    b - +0 scale mail
rPois   inf        Reflect  .    (no helmet)
rElec   +          Harm     .    (no cloak)
rCorr   .          Rampage  .    (no gloves)
Will    .....                    (no boots)
Stlth   ..........               (no amulet)
HPRegen 0.13/turn                (no ring)
MPRegen 0.10/turn                (no ring)

@: no status effects
A: sickness immunity, AC +4, negative energy resistance 1, electricity
resistance, torment resistance 1, petrification resistance
a: no special abilities


You were on level 4 of the Dungeon.
You visited 1 branch of the dungeon, and saw 4 of its levels.

You collected 201 gold pieces.


Innate Abilities, Weirdness & Mutations

You are immune to sickness and miasma.
Your stone body is resilient. (AC +4)
You are immune to poison.
You resist negative energy. (rN+)
You are resistant to electric shocks. (rElec)
You are resistant to unholy torment.
You are immune to petrification.


   Skills:
 - Level 4.4 Fighting
 + Level 5.1 Axes
 - Level 3.2 Armour
 - Level 3.2 Shields


You had 5 spell levels left.
You didn't know any spells.
Your spell library was empty.

Inventory:

Hand Weapons
 a - a +0 flail
 Y - a +0 war axe (weapon)
Missiles
 h - 2 boomerangs (quivered)
Armour
 b - a +0 scale mail (worn)
 c - a +0 buckler (worn)
Scrolls
 i - a scroll of identify
Potions
 d - 2 potions of might
 e - a potion of resistance {unknown}
 g - a potion of attraction {unknown}
 j - 5 potions of curing
 l - a potion of lignification
 m - 2 potions of heal wounds
 n - a potion of haste {unknown}
 o - a potion of magic {unknown}

Dungeon Overview and Level Annotations

Branches:
Dungeon (4/15)
 Temple: D:4-7

Altars:
Fedhas
Ru

Annotations:
D:4 1 runed translucent door, qw's ghost, amateur GrFi


Message History

The gnoll shouts! x2
A gnoll bouda comes into view. It is wielding a +0 whip.
3863 ||| Stepping ~*~*~tactically~*~*~ (stealth).
Throw: 2 boomerangs
Press: ? - help, Q - select action Shift-Dir - straight line, f - gnoll You throw a boomerang.
The boomerang hits the gnoll!
The gnoll is severely wounded.
A gnoll comes into view. It is wielding a +0 halberd.
3865 ||| Stepping ~*~*~tactically~*~*~ (stealth).
There are monsters nearby!
3867 ||| Stepping ~*~*~tactically~*~*~ (stealth).
A gnoll comes into view. It is wielding a +0 spear.
The gnoll moves out of view.
You hit the gnoll.
You kill the gnoll!
3870 ||| Stepping ~*~*~tactically~*~*~ (hiding).
You closely miss the gnoll. The gnoll closely misses you.
You closely miss the gnoll. The gnoll hits you with a +0 flail.
You completely miss the gnoll. The gnoll hits you with a +0 flail!
You hit the gnoll but do no damage. You block the gnoll's attack.
The gnoll hits you with a +0 flail. The gnoll barely misses you.
The gnoll hits you from afar with a +0 spear.
You hit the gnoll.
The gnoll is moderately wounded.
The gnoll barely misses you. The gnoll hits you but does no damage.
You hit the gnoll.
The gnoll is severely wounded.
The gnoll hits you but does no damage. The gnoll hits you with a +0 flail!
You closely miss the gnoll.
The gnoll is severely wounded.
The gnoll completely misses you. The gnoll hits you but does no damage.
You hit the gnoll.
The gnoll is severely wounded.
The gnoll hits you but does no damage. x2; The gnoll hits you with a +0 flail!
The gnoll hits you from afar with a +0 spear.
You die...

........##..........###
........##..........#..
...g....##..........#..
g.......##......#...#..
........+..............
........##...##.#...#..
#g##... #........
###g#########...###
#.@........ #......
#.#.####### #...###
#.#.# #.### #.#.# #.#
#.#(# #.# #.#.# #.#
#.#.# #.# #.#.# #.# #.#
#.#


You could see 2 gnolls.

Vanquished Creatures
  A scorpion (D:4)
  An orc priest (D:3)
  5 gnolls
  5 adders
  2 worms (D:2)
  A dart slug (D:2)
  2 orcs (D:3)
  7 bats
  5 endoplasms
  A giant cockroach (D:2)
  8 goblins
  6 hobgoblins
  5 kobolds
  2 quokkas
  4 ball pythons
  3 rats
58 creatures vanquished.

Notes
Turn   | Place    | Note
-------+----------+-------------------------------------------
     0 | D:1      | qw the Gargoyle Fighter began the quest for the Orb.
     0 | D:1      | Reached XP level 1. HP: 14/14 MP: 1/1
     0 | D:1      | 0 ||| qw: Version: 0.2-a-12-gaebbb33
     0 | D:1      | 0 ||| qw: Game counter: 1490
     0 | D:1      | 0 ||| qw: Always use a shield: true
     0 | D:1      | 0 ||| qw: God list: Okawaru
     0 | D:1      | 0 ||| qw: Allow faded altars: false
     0 | D:1      | 0 ||| qw: Do Orc after D:15 true
     0 | D:1      | 0 ||| qw: Do second Lair branch before Depths: true
     0 | D:1      | 0 ||| qw: Lair rune preference: random
     0 | D:1      | 0 ||| qw: Plans: Normal, Zot:1-4, God:TSO, Crypt, Tomb,
                  | Pan, Slime:5, Hells, Abyss, Orb
     0 | D:1      | 0 ||| PLANNING D:1-11
   276 | D:1      | Reached skill level 2 in Axes
   711 | D:1      | Reached XP level 2. HP: 19/19 MP: 2/2
   836 | D:1      | 836 ||| DROPPING +0 club.
  1175 | D:1      | 1175 ||| READING 2 scrolls labelled YSKAOL TEACO.
  1178 | D:1      | 1178 ||| READING scroll labelled YRCHUE NUIDGHUNA.
  1179 | D:1      | 1179 ||| READING scroll labelled CEMASONUAD.
  1180 | D:1      | 1180 ||| DRINKING 2 bubbling grey potions.
  1181 | D:1      | 1181 ||| DRINKING 2 metallic green potions.
  1182 | D:1      | 1182 ||| DRINKING 2 bubbling ruby potions.
  1220 | D:1      | 1220 ||| DRINKING 3 sedimented purple potions.
  1221 | D:1      | 1221 ||| DROPPING potion of brilliance.
  1407 | D:2      | Reached skill level 3 in Axes
  1407 | D:2      | 1407 ||| FLEEEEING.
  1408 | D:2      | 1408 ||| STAIRDANCE
  1411 | D:1      | Reached XP level 3. HP: 20/23 MP: 3/3
  1457 | D:2      | 1457 ||| FLEEEEING.
  1459 | D:2      | 1459 ||| STAIRDANCE
  1514 | D:2      | 1514 ||| Stepping ~*~*~tactically~*~*~ (hiding).
  1798 | D:2      | 1798 ||| Stepping ~*~*~tactically~*~*~ (stealth).
  1981 | D:2      | Reached XP level 4. HP: 28/28 MP: 4/4
  2159 | D:2      | 2159 ||| READING scroll labelled XIRYEDGHUTU.
  2380 | D:3      | Reached skill level 4 in Axes
  2416 | D:3      | 2416 ||| Stepping ~*~*~tactically~*~*~ (stealth).
  2419 | D:3      | 2419 ||| Stepping ~*~*~tactically~*~*~ (stealth).
  2426 | D:3      | 2426 ||| Stepping ~*~*~tactically~*~*~ (stealth).
  2614 | D:3      | Reached XP level 5. HP: 32/32 MP: 5/5
  2771 | D:3      | HP: 7/32 [gnoll/+0 spear (4)]
  2772 | D:3      | 2772 ||| READING scroll of teleportation.
  2773 | D:3      | 2773 ||| DRINKING 2 potions of heal wounds.
  2777 | D:3      | 2777 ||| Stepping ~*~*~tactically~*~*~ (hiding).
  2778 | D:3      | 2778 ||| Stepping ~*~*~tactically~*~*~ (hiding).
  2792 | D:3      | Reached skill level 5 in Axes
  2914 | D:3      | 2914 ||| DROPPING +0 whip.
  2946 | D:3      | 2946 ||| DROPPING +2 mace of holy wrath.
  3052 | D:3      | 3052 ||| Stepping ~*~*~tactically~*~*~ (stealth).
  3110 | D:3      | Found a sacrificial altar of Ru.
  3110 | D:3      | Found a blossoming altar of Fedhas.
  3448 | D:3      | 3448 ||| READING scroll labelled YCULYU DUVAVA.
  3449 | D:3      | 3449 ||| READING 2 scrolls labelled WABBIA SUOGEMI.
  3450 | D:3      | 3450 ||| DRINKING 2 glowing yellow potions.
  3451 | D:3      | 3451 ||| DROPPING potion of degeneration.
  3512 | D:4      | Noticed qw's ghost (amateur GrFi)
  3517 | D:4      | Found a runed translucent door.
  3648 | D:4      | Reached XP level 6. HP: 18/39 MP: 6/6
  3863 | D:4      | 3863 ||| Stepping ~*~*~tactically~*~*~ (stealth).
  3865 | D:4      | 3865 ||| Stepping ~*~*~tactically~*~*~ (stealth).
  3867 | D:4      | 3867 ||| Stepping ~*~*~tactically~*~*~ (stealth).
  3870 | D:4      | 3870 ||| Stepping ~*~*~tactically~*~*~ (hiding).
  3878 | D:4      | HP: 4/39 [gnoll/+0 flail[a gnoll bouda] (10)]
  3878 | D:4      | Slain by a gnoll

Levels and vault maps discovered:
D:1:      nzn_arrival_crosshair, layout_basic
D:2:      layout_basic
D:3:      wad_pebble_path, layout_basic, nicolae_overflow_two_pavilions,
          minmay_misc_feat_secret_circle,
          nicolae_concentric_dashed_squares_mild, chequers_avenue,
          minmay_close_crescents
D:4:      layout_basic, hellmonk_ghost_happy_afterlife, palyth_stone_intersect

Skill      XL: |  1  2  3  4  5 |
---------------+----------------+-----
Axes           | 2 3 4 5 |  5.1
Fighting       | 4 |  4.4
Armour         | |  3.2
Shields        | |  3.2

Action                   |  1- 3 |  4- 6 || total
-------------------------+-------+-------++-------
Melee: War axe           |    94 |    93 ||   187
Throw: Boomerang         |       |    21 ||    21
  Use: Potion            |     4 |     2 ||     6
       Scroll            |     3 |     4 ||     7
Armor: Scale mail        |    35 |    43 ||    78
Dodge: Dodged            |    51 |    46 ||    97
Block: Buckler           |    17 |    26 ||    43

Table legend:
 A = Non-vault XP
 B = Vault XP
 C = Vault XP percentage of total XP
 D = Non-vault monster count
 E = Vault monster count
 F = Vault count percentage of total count
                 A         B        C        D         E       F
            +---------+---------+-------+---------+---------+-------
      Total |     344 |       7 |   2.0 |      54 |       4 |   6.9
            +---------+---------+-------+---------+---------+-------
        D:1 |      20 |       0 |   0.0 |      12 |       0 |   0.0
        D:2 |      63 |       0 |   0.0 |      19 |       0 |   0.0
        D:3 |     151 |       7 |   4.4 |      15 |       4 |  21.1
        D:4 |     110 |       0 |   0.0 |       8 |       0 |   0.0
            +---------+---------+-------+---------+---------+-------
